 Dungeon Crawl Stone Soup version 0.18.1-48-g4cf74bf (webtiles) character file.

11272 PossumBlood the Warrior (level 11, -3/116 HPs)
             Began as a Minotaur Fighter on Aug 19, 2016.
             Was a High Priest of Okawaru.
             Incinerated by Ebilmort's ghost (6 damage)
             ... with a sticky flame
             ... on level 11 of the Dungeon.
             The game lasted 00:26:17 (10685 turns).

PossumBlood the Warrior (Minotaur Fighter)         Turns: 10685, Time: 00:26:18

Health: -3/116     AC: 15    Str: 21 (24) XL:     11   Next: 47%
Magic:  7/7        EV:  3    Int:  9 (11) God:    Okawaru [*****.]
Gold:   526        SH: 13    Dex:  7 (10) Spells: 0 memorised, 10 levels left

rFire  . . .     SeeInvis +     F - +5 spear of Catufo {freeze, rElec rF- Int+6 SInv}
rCold  . . .     Gourm    .     c - +2 plate armour
rNeg   . . .     Faith    .     h - +0 large shield
rPois  .         Spirit   .     L - +0 hat
rElec  +         Dismiss  .     r - +0 cloak
rCorr  .         Reflect  .     k - +0 pair of gloves
SustAt .         Harm     .     (no boots)
MR     +....                    (no amulet)
Stlth  ..........               w - ring of protection from magic
                                i - ring of protection from fire

@: liquid flames, glowing, somewhat resistant to hostile enchantments, extremely
unstealthy
A: retaliatory headbutt, horns 2, deformed body, deterioration 1, low mp 2,
MP-powered wands
a: Heroism, Finesse, Renounce Religion


You were on level 11 of the Dungeon.
You worshipped Okawaru.
Okawaru was extremely pleased with you.
You were not hungry.

You visited 2 branches of the dungeon, and saw 12 of its levels.

You collected 526 gold pieces.

Inventory:

Hand Weapons
 F - the +5 spear of Catufo (weapon) {freeze, rElec rF- Int+6 SInv}
   (You found it on level 8 of the Dungeon)

   It has been specially enchanted to freeze those struck by it, causing extra
   injury to most foes and up to half again as much damage against particularly
   susceptible opponents.
   It can also slow down cold-blooded creatures.
   It affects your intelligence (+6).
   It makes you vulnerable to fire.
   It insulates you from electricity.
   It lets you see invisible.
 G - the +1 falchion of Growth {venom, *Confuse Dex+8}
   (You found it on level 8 of the Dungeon)

   It poisons the flesh of those it strikes.
   It affects your dexterity (+8).
   It may confuse you when you take damage.
 M - a +3 war axe
Armour
 c - a +2 plate armour (worn)
 h - a +0 large shield (worn)
 k - a +0 pair of gloves (worn)
 r - a +0 cloak (worn)
 L - a +0 hat (worn)
Jewellery
 a - an uncursed ring of magical power {unknown}
 i - a ring of protection from fire (left hand)
 w - a ring of protection from magic (right hand)
Wands
 q - a wand of flame (48/48)
 y - a wand of iceblast (8/15)
 B - a wand of slowing (20/48)
 I - a wand of flame (27/48)
 J - a wand of polymorph (11/24)
Scrolls
 f - 2 scrolls of teleportation
 j - a scroll of magic mapping
 l - 5 scrolls of remove curse
 m - a scroll of enchant weapon
 o - 6 scrolls of identify
 s - a scroll of recharging
 A - 2 scrolls of blinking
 H - 2 scrolls of fear
Potions
 b - a potion of haste
 d - 2 potions of might
 e - a potion of agility
 n - 2 potions of lignification
Miscellaneous
 g - a phantom mirror
Comestibles
 t - 3 beef jerkies
 u - a slice of pizza


   Skills:
 * Level 16.9 Fighting
 - Level 2.4 Axes
 + Level 12.7 Armour
 - Level 3.6 Shields


You had 10 spell levels left.
You didn't know any spells.

Dungeon Overview and Level Annotations

Branches:
Dungeon (11/15)            Temple (1/1) D:7
   Lair: D:8-11         Orc: D:9-12

Altars:
Ashenzari
Cheibriados
Dithmenos
Elyvilon
Fedhas
Gozag
Kikubaaqudgha
Makhleb
Nemelex Xobeh
Okawaru
Pakellas
Qazlal
Ru
Sif Muna
Trog
Vehumet
Xom
Yredelemnul
Zin
The Shining One


Innate Abilities, Weirdness & Mutations

You reflexively headbutt those who attack you in melee.
You have a pair of horns on your head.
Armour fits poorly on your strangely shaped body.
Your body sometimes deteriorates upon taking damage.
Your magical capacity is very low (-20% MP).
You expend magic power (3 MP) to strengthen your wands.


Message History

Ebilmort's ghost sprays you with burning goo.
The sticky flame hits you!
You are covered in liquid flames!
You puncture Ebilmort's ghost! You freeze Ebilmort's ghost.
Ebilmort's ghost is almost destroyed.
You are covered in liquid flames!
Ebilmort's ghost hits you but does no damage.
Your shield and plate armour prevent you from hitting Ebilmort's ghost.
Your headbutt misses Ebilmort's ghost.
Ebilmort's ghost is almost destroyed.
You are covered in liquid flames!
Ebilmort's ghost casts a spell at you.
The fireball explodes!
The fireball engulfs you!
* * * LOW HITPOINT WARNING * * *
Your body deteriorates!
You feel weakened.
The fireball engulfs Ebilmort's ghost.
Ebilmort's ghost is destroyed!
You feel your intelligence returning.
You are covered in liquid flames!
You die...

#.[...>.[.W...
#.........#..#.
#...[......<..
####W####....
#....#..#.
####W#..#
#....#...
###........
#@.........
#.#######.. #.#
... . #.###.#
#.....# #....## #
#....# .#
#######....##.#
#.............###


There were no monsters in sight!

Vanquished Creatures
  Gastronok (D:9)
  Harold (D:10)
  The ghost of Schimscham the Reanimator, a novice DDNe of Makhleb (D:9)
  Pikel (D:9)
  A hill giant (D:10)
  A gargoyle (D:10)
  A troll (D:10)
  Grinder (D:6)
  A spriggan (D:7)
  8 yaks
  3 wyverns
  Eustachio (D:6)
  2 hippogriffs
  A hungry ghost (D:10)
  Menkaure (D:7)
  2 ice beasts
  4 orc warriors
  2 phantoms
  A sky beast (D:7)
  2 wasps
  2 ogres
  4 centaurs
  13 giant frogs
  A wyvern zombie (D:6)
  Blork the orc (D:6)
  2 scorpions
  4 killer bees (D:10)
  A howler monkey (D:10)
  A crimson imp (D:9)
  4 jellies
  2 giant frog zombies
  3 centaur skeletons
  3 hounds
  3 orc priests
  Crazy Yiuf (D:3)
  8 orc wizards
  An iguana (D:10)
  Jessica (D:3)
  2 worker ants
  2 hound zombies
  A hound skeleton (D:10)
  2 worker ant zombies
  3 gnolls (D:3)
  8 adders
  3 shadow imps
  An ooze (D:4)
  An adder skeleton (D:4)
  3 dart slugs
  5 giant geckos
  30 orcs
  2 bats
  3 giant cockroaches
  2 goblins
  12 jackals
  3 quokkas
  4 ball pythons
  8 giant newts
  7 kobolds
  A rat (D:1)
194 creatures vanquished.

Vanquished Creatures (others)
  The ghost of Ebilmort the Arsonist, a journeyman OpFE of Vehumet (D:11)
  4 slaves (D:9)
5 creatures vanquished.

Grand Total: 199 creatures vanquished

Notes
Turn   | Place    | Note
--------------------------------------------------------------
     0 | D:1      | PossumBlood the Minotaur Fighter began the quest for the Orb.
     0 | D:1      | Reached XP level 1. HP: 19/19 MP: 0/0
   290 | D:1      | Reached skill level 4 in Fighting
   299 | D:1      | Reached XP level 2. HP: 27/27 MP: 1/1
  1256 | D:3      | Reached XP level 3. HP: 34/34 MP: 2/2
  1431 | D:3      | Found a stormy altar of Qazlal.
  1611 | D:3      | Reached skill level 5 in Fighting
  1612 | D:3      | Reached XP level 4. HP: 20/42 MP: 3/3
  1910 | D:3      | Noticed Jessica
  1915 | D:3      | Killed Jessica
  1915 | D:3      | Reached skill level 5 in Armour
  1947 | D:3      | Found a sparkling altar of Nemelex Xobeh.
  2067 | D:3      | Found a bloodstained altar of Trog.
  2109 | D:3      | Noticed Crazy Yiuf
  2117 | D:3      | Killed Crazy Yiuf
  2117 | D:3      | Reached XP level 5. HP: 30/50 MP: 1/4
  2299 | D:3      | Reached skill level 6 in Fighting
  2446 | D:4      | Noticed a phantom
  2478 | D:4      | Killed a phantom
  2478 | D:4      | Reached skill level 7 in Fighting
  2478 | D:4      | Reached XP level 6. HP: 33/60 MP: 5/5
  2994 | D:5      | Entered Level 5 of the Dungeon
  3348 | D:5      | Reached skill level 8 in Fighting
  3348 | D:5      | Reached XP level 7. HP: 61/68 MP: 6/6
  3872 | D:6      | Noticed Eustachio
  3898 | D:6      | Killed Eustachio
  3898 | D:6      | Reached skill level 9 in Fighting
  4173 | D:6      | Noticed Grinder
  4186 | D:6      | Killed Grinder
  4186 | D:6      | Reached skill level 10 in Fighting
  4186 | D:6      | Reached XP level 8. HP: 48/79 MP: 7/7
  4391 | D:6      | Noticed Blork the orc
  4401 | D:6      | Killed Blork the orc
  4672 | D:7      | Found a staircase to the Ecumenical Temple.
  4678 | Temple   | Entered the Ecumenical Temple
  4742 | Temple   | Became a worshipper of Warmaster Okawaru
  4856 | D:7      | Found a stormy altar of Qazlal.
  4856 | D:7      | Found an opulent altar of Gozag.
  4857 | D:7      | Noticed Menkaure
  4857 | D:7      | Found a sacrificial altar of Ru.
  4862 | D:7      | Killed Menkaure
  5253 | D:7      | Reached skill level 11 in Fighting
  5997 | D:8      | Found a glowing golden altar of the Shining One.
  6102 | D:8      | Found an iron altar of Okawaru.
  6117 | D:8      | Got a dazzling spear
  6118 | D:8      | Identified the +5 spear of Catufo {freeze, rElec rF- Int+6 SInv} (You found it on level 8 of the Dungeon)
  6124 | D:8      | Got an encrusted falchion
  6125 | D:8      | Identified the cursed +1 falchion of Growth {venom, *Confuse Dex+8} (You found it on level 8 of the Dungeon)
  6163 | D:8      | Reached XP level 9. HP: 88/90 MP: 8/8
  6266 | D:8      | Found a shadowy altar of Dithmenos.
  6301 | D:8      | Reached * piety under Okawaru
  6324 | D:8      | Found a glowing silver altar of Zin.
  6362 | D:8      | Reached skill level 12 in Fighting
  6738 | D:9      | Noticed Schimscham's ghost (novice DDNe)
  6738 | D:9      | Noticed Pikel
  6753 | D:9      | Killed Pikel
  6777 | D:9      | Killed Schimscham's ghost
  6777 | D:9      | Reached ** piety under Okawaru
  6777 | D:9      | Reached skill level 13 in Fighting
  6777 | D:9      | Reached skill level 10 in Armour
  7321 | D:9      | Reached XP level 10. HP: 82/102 MP: 9/9
  7451 | D:9      | Reached skill level 14 in Fighting
  7558 | D:9      | Noticed Gastronok
  7580 | D:9      | Killed Gastronok
  7580 | D:9      | Reached *** piety under Okawaru
  7580 | D:9      | Reached skill level 15 in Fighting
  8521 | D:10     | Entered Level 10 of the Dungeon
  8565 | D:10     | Noticed a hill giant
  8570 | D:10     | Noticed Harold
  8574 | D:10     | Killed a hill giant
  8588 | D:10     | HP: 2/107 [Harold/long sword (12)]
  8595 | D:10     | Gained mutation: Armour fits poorly on your strangely shaped body. [potion of mutation]
  8595 | D:10     | Gained mutation: Your magical capacity is low (-10% MP). [potion of mutation]
  8595 | D:10     | Gained mutation: Your magical capacity is very low (-20% MP). [potion of mutation]
  8948 | D:10     | Gained mutation: You expend magic power (3 MP) to strengthen your wands. [potion of mutation]
  8948 | D:10     | Gained mutation: Your body sometimes deteriorates upon taking damage. [potion of mutation]
  9042 | D:10     | Killed Harold
  9042 | D:10     | Reached **** piety under Okawaru
  9042 | D:10     | Reached skill level 16 in Fighting
  9042 | D:10     | Reached XP level 11. HP: 81/114 MP: 7/7
 10660 | D:11     | Reached ***** piety under Okawaru
 10662 | D:11     | Noticed Ebilmort's ghost (journeyman OpFE)
 10684 | D:11     | HP: 3/116 [Ebilmort's ghost/fireball (41)]
 10684 | D:11     | Killed Ebilmort's ghost
 10685 | D:11     | Incinerated by Ebilmort's ghost

Skill      XL: |  1  2  3  4  5  6  7  8  9 10 |
---------------+-------------------------------+-----
Fighting       | 4 5 7 8 10 11 13 16 | 16.9
Armour         | 4 5 6 7 9 10 12 | 12.7
Axes           | |  2.4
Shields        | |  3.6

Action                   |  1- 3 |  4- 6 |  7- 9 | 10-12 || total
-------------------------+-------+-------+-------+-------++-------
Melee: War axe           |    84 |   104 |   159 |       ||   347
       Headbutt          |    12 |    22 |    64 |    78 ||   176
       Spear             |       |       |   136 |   401 ||   537
  Use: Scroll            |     2 |     7 |    10 |     4 ||    23
       Potion            |       |       |     1 |    13 ||    14
 Stab: Distracted        |       |       |       |     1 ||     1
  Eat: Bread ration      |     1 |     1 |     3 |     3 ||     8
       Pizza             |       |       |       |     1 ||     1
       Meat ration       |       |       |       |     1 ||     1
Armor: Scale mail        |    18 |       |       |       ||    18
       Plate armour      |    31 |    63 |   190 |   199 ||   483
Dodge: Dodged            |    17 |     6 |    28 |    30 ||    81
Block: Shield            |    16 |       |       |       ||    16
       Large shield      |    46 |    97 |   259 |   293 ||   695
